 Dungeon Crawl Stone Soup version 0.29.1-13-g9f3cf754e1 (webtiles) character file.

Game seed: 9835974196196921964

12075 Pooter the Cleaver (level 11, -14/101 HPs)
             Began as a Minotaur Berserker on Jan 20, 2023.
             Was an Elder of Trog.
             Killed from afar by a hell knight (28 damage)
             ... with a bolt of fire
             ... on level 10 of the Dungeon.
             The game lasted 00:57:47 (14005 turns).

Pooter the Cleaver (Minotaur Berserker)            Turns: 14005, Time: 00:57:47

Health: -14/101    AC: 16    Str: 32    XL:     11   Next: 57%
Magic:  0/10       EV:  8    Int:  4    God:    Trog [****..]
Gold:   98         SH:  0    Dex: 10    Spells: 10/10 levels left

rFire   . . .      SeeInvis .   a - +3 war axe (freeze)
rCold   . . .      Faith    .   (no shield)
rNeg    . . .      Spirit   +   O - +2 plate armour
rPois   .          Reflect  .   (helmet restricted)
rElec   .          Harm     .   K - +0 cloak
rCorr   .          Rampage  .   H - +0 pair of gloves
Will    ++...                   r - +0 pair of boots
Stlth   ..........              G - amulet of guardian spirit
HPRegen 1.26/turn               N - +6 ring of strength
MPRegen 0.12/turn               s - ring of flight

@: strong-willed (expiring), on berserk cooldown, flying, regenerating
(expiring), slowed, very slow
A: horns 2, retaliatory headbutt
a: Renounce Religion, Berserk, Trog's Hand, Brothers in Arms


You were on level 10 of the Dungeon.
You worshipped Trog.
Trog was greatly pleased with you.
You visited 2 branches of the dungeon, and saw 11 of its levels.
You also visited: Sewer.

You collected 569 gold pieces.
You spent 471 gold pieces at shops.

Inventory:

Hand Weapons
 a - a +3 war axe of freezing (weapon)
   (You took it off a wight on level 9 of the Dungeon)
 b - a +2 arbalest of flaming
   (You bought it in a shop on level 2 of the Dungeon)
 w - a +7 flail of protection
   (You took it off Edmund on level 3 of the Dungeon)
 B - a +0 trident
   (You took it off an orc priest on level 5 of the Dungeon)
Missiles
 u - 44 poisoned darts (quivered)
 L - 2 boomerangs
 Q - 88 stones
Armour
 j - +0 swamp dragon scales
   (You took it off Maggie on level 8 of the Dungeon)
 r - a +0 pair of boots (worn)
   (You found it on level 9 of the Dungeon)
 v - a +3 leather armour of fire resistance
   (You took it off Eustachio on level 3 of the Dungeon)
 H - a +0 pair of gloves (worn)
   (You found it on level 7 of the Dungeon)
 K - a +0 cloak (worn)
   (You found it on level 7 of the Dungeon)
 O - a +2 plate armour (worn)
   (You found it on level 8 of the Dungeon)
Jewellery
 e - a +6 ring of intelligence
   (You found it on level 1 of the Dungeon)
 s - a ring of flight (right hand)
   (You found it on level 9 of the Dungeon)
 G - an amulet of guardian spirit (around neck)
   (You found it on level 3 of the Dungeon)
 I - a ring of protection from cold
   (You found it on level 3 of the Dungeon)
 N - a +6 ring of strength (left hand)
   (You found it on level 8 of the Dungeon)
 S - a ring of see invisible
   (You bought it in a shop on level 7 of the Dungeon)
Wands
 d - a wand of iceblast (6)
   (You found it on level 7 of the Dungeon)
 f - a wand of flame (13)
   (You took it off Maggie on level 8 of the Dungeon)
 x - a wand of mindburst (17)
   (You found it on level 4 of the Dungeon)
Scrolls
 g - 5 scrolls of vulnerability {!r}
 m - a scroll of summoning
 p - 2 scrolls of immolation {!r}
 t - 2 scrolls of teleportation {@r4}
 C - a scroll of noise {!r}
 E - a scroll of magic mapping
 J - a scroll of silence
 M - 2 scrolls of poison {!r}
Potions
 h - 3 potions of mutation {unknown}
 k - a potion of attraction {unknown}
 l - 6 potions of curing {@q1}
 n - 2 potions of heal wounds {@q2}
 o - 5 potions of haste {@q3}
 q - 3 potions of berserk rage {unknown}
 y - 2 potions of invisibility
 z - 5 potions of might
 A - 3 potions of magic {unknown}
 D - 4 potions of flight
 F - a potion of resistance {unknown}
 R - a potion of lignification {unknown}


   Skills:
 + Level 10.3 Fighting
 * Level 14.0 Axes
 * Level 11.9 Ranged Weapons
 - Level 2.4 Armour
 - Level 2.1 Dodging
 + Level 5.0 Evocations


You had 10 spell levels left.
You didn't know any spells.
Your spell library was empty.

Dungeon Overview and Level Annotations

Branches:
Dungeon (10/15)            Temple (0/1) D:7             Orc (1/2) D:10
  Sewer (visited)
   Lair: D:8-11

Altars:
Ashenzari
Cheibriados
Elyvilon
Gozag
Hepliaklqana
Kikubaaqudgha
Makhleb
Nemelex Xobeh
Ru
Sif Muna
Trog
Wu Jian
Xom
Zin
The Shining One

Shops:
D:2 (   D:5 :   D:7 [=[*

Annotations:
Orc:1 Erica


Innate Abilities, Weirdness & Mutations

You have a pair of horns on your head.
You reflexively headbutt those who attack you in melee.


Message History

The hell knight invokes the aid of its god against you.
The bolt of fire hits the hell hound.
The hell hound completely resists.
The bolt of fire hits you!!
You closely miss the hell hound.
You feel the effects of Trog's Hand fading.
You slash the hell hound! You freeze the hell hound.
You kill the hell hound!
Trog accepts your kill.
Your Axes skill increases to level 14!
You barely miss the hell knight.
Found an escape hatch in the ceiling.
The hell knight hits you with a +1 long sword!
The hell knight hits you with a +4 vorpal broad axe!
You hit the hell knight. You freeze the hell knight.
You slice the hell knight!! You freeze the hell knight!
The hell knight hits you with a +1 long sword!
* * * LOW HITPOINT WARNING * * *
The hell knight hits you with a +4 vorpal broad axe!
* * * LOW MAGIC WARNING * * *
* * * LOW HITPOINT WARNING * * *
* * * LOW HITPOINT WARNING * * *
You hit the hell knight. You freeze the hell knight.
You headbutt the hell knight! You barely miss the hell knight.
The hell knight hits you with a +1 long sword!
* * * LOW MAGIC WARNING * * *
* * * LOW HITPOINT WARNING * * *
You hit the hell knight but do no damage.
You headbutt the hell knight, but do no damage.
You punch the hell knight. You closely miss the hell knight.
The hell knight hits you with a +4 vorpal broad axe!
* * * LOW HITPOINT WARNING * * *
* * * LOW HITPOINT WARNING * * *
The hell knight hits you with a +1 long sword.
* * * LOW HITPOINT WARNING * * *
You hit the hell knight. You freeze the hell knight.
You closely miss the hell knight.
The hell knight hits you with a +4 vorpal broad axe!
* * * LOW MAGIC WARNING * * *
* * * LOW HITPOINT WARNING * * *
* * * LOW HITPOINT WARNING * * *
You hit the hell knight. You freeze the hell knight.
You barely miss the hell knight.
You are no longer berserk.
You are exhausted.
You feel yourself slow down. The hell knight completely misses you.
The hell knight invokes the aid of its god against you.
The bolt of fire hits you!!
* * * LOW MAGIC WARNING * * *
You die...

#############
######...........##
#.................#
#.#############.#.#
#.#...........#.#.#
##.#.###≈≈≈###.#.#.#
#..#.#p@p)...#
#...#####
#..≈.#.#####.#
#........ #..≈.#. .#
#.#####.. #.!≈.#< #
#.# #.. #..§.#.
#.#####.. #..≈.#.
#........ #..#.#.
#........ #..#.##
#..###### #.. ..
#..#


You could see 2 hell knights.

Vanquished Creatures
  3 hell knights (D:10)
  Maurice (Orc:1)
  Maggie (D:8)
  A kobold demonologist (D:10)
  A troll (D:9)
  2 hornets
  A wyvern (D:9)
  A wraith (D:9)
  11 yaks
  Eustachio (D:3)
  2 steam dragons (D:9)
  Edmund (D:3)
  2 acid dragons (D:9)
  7 hell hounds (D:10)
  3 water moccasins
  Duvessa (D:4)
  A floating eye (D:9)
  Pargi (D:4)
  6 orc warriors
  3 ice beasts
  2 black bears
  4 ogres
  3 centaurs
  2 phantoms (D:6)
  4 kobold brigands
  4 bullfrogs
  2 necrophages
  7 scorpions
  10 wights
  11 killer bees
  Dowan (D:4)
  4 howler monkeys
  2 hounds
  2 jellies (D:7)
  2 gnoll boudas
  11 orc priests
  3 iguanas
  7 orc wizards
  12 adders
  A white imp (D:7)
  An ufetubus (D:6)
  4 dart slugs
  A worm (D:3)
  36 orcs
  11 ball pythons
  11 bats
  6 endoplasms
  4 giant cockroaches
  4 goblins
  5 hobgoblins
  20 jackals
  20 kobolds
  7 quokkas
  5 frilled lizards
  3 rats
282 creatures vanquished.

Vanquished Creatures (others)
  5 fungi (D:6)
  8 plants
13 creatures vanquished.

Grand Total: 295 creatures vanquished

Notes
Turn   | Place    | Note
-------+----------+-------------------------------------------
     0 | D:1      | Pooter the Minotaur Berserker began the quest for the Orb.
     0 | D:1      | Reached XP level 1. HP: 19/19 MP: 0/0
   118 | D:1      | Reached skill level 4 in Axes
   248 | D:1      | Reached XP level 2. HP: 21/27 MP: 1/1
  1117 | D:1      | Found a faded altar of an unknown god.
  1239 | D:2      | Found Affaup's Antique Weapon Emporium.
  1267 | D:2      | Reached XP level 3. HP: 33/33 MP: 2/2
  1640 | D:2      | Reached ** piety under Trog
  1641 | D:2      | Reached skill level 5 in Axes
  2169 | D:3      | Found a shimmering altar of Xom.
  2186 | D:3      | Reached XP level 4. HP: 41/41 MP: 3/3
  2659 | D:3      | Reached skill level 1 in Ranged Weapons
  3287 | D:4      | Noticed a necrophage
  3331 | D:4      | Found a snail-covered altar of Cheibriados.
  3338 | D:4      | Reached XP level 5. HP: 46/47 MP: 4/4
  3397 | D:2      | Bought a glowing arbalest for 180 gold pieces
  3423 | D:4      | Reached skill level 6 in Axes
  3467 | D:4      | Noticed Edmund
  3467 | D:4      | Noticed Eustachio
  3477 | D:3      | Killed Edmund
  3478 | D:3      | Reached skill level 5 in Fighting
  3478 | D:3      | Reached XP level 6. HP: 42/56 MP: 2/5
  3628 | D:4      | Noticed Pargi
  3634 | D:3      | Killed Eustachio
  3704 | D:4      | Killed Pargi
  3705 | D:4      | Reached skill level 7 in Axes
  3705 | D:4      | Reached XP level 7. HP: 61/61 MP: 3/6
  4009 | D:4      | Found a sparkling altar of Nemelex Xobeh.
  4018 | D:4      | Noticed Dowan
  4018 | D:4      | Noticed Duvessa
  4031 | D:4      | Killed Duvessa
  4032 | D:4      | Killed Dowan
  4320 | D:4      | Found a burning altar of Makhleb.
  4524 | D:5      | Entered Level 5 of the Dungeon
  4533 | D:5      | Reached skill level 8 in Axes
  4533 | D:5      | Reached skill level 5 in Ranged Weapons
  4616 | D:5      | Found a glowing drain.
  4625 | Sewer    | Entered a sewer
  4651 | Sewer    | Reached XP level 8. HP: 54/71 MP: 5/7
  4823 | Sewer    | Reached *** piety under Trog
  5488 | D:5      | Reached skill level 9 in Axes
  5581 | D:5      | You fall into a shaft and drop 3 floors!
  5633 | D:8      | Found a sacrificial altar of Ru.
  5657 | D:8      | Noticed Maggie
  5666 | D:8      | Killed Maggie
  5794 | D:8      | Reached skill level 10 in Axes
  5794 | D:8      | Reached XP level 9. HP: 60/79 MP: 5/8
  6053 | D:6      | Found a glowing silver altar of Zin.
  6108 | D:6      | Found a glowing golden altar of the Shining One.
  6110 | D:6      | Found a white marble altar of Elyvilon.
  6434 | D:5      | Reached skill level 1 in Evocations
  6535 | D:5      | Found Mainaum's Self-Improvement Boutique.
  6846 | D:6      | Reached **** piety under Trog
  7050 | D:6      | Reached skill level 11 in Axes
  7194 | D:6      | Found the +7 Singing Sword {vorpal, sonic wave}
  8076 | D:7      | Found Feessulu's Antique Armour Boutique.
  8077 | D:7      | Found Jeappynerr's Armour Boutique.
  8077 | D:7      | Found Agetuf's Jewellery Boutique.
  8199 | D:7      | Found Keli's Assorted Antiques.
  8204 | D:7      | Bought a ring of see invisible for 195 gold pieces
  8208 | D:7      | Bought a scroll labelled CAFROK SIMA for 32 gold pieces
  8372 | D:7      | Bought a scroll labelled CAFROK SIMA for 32 gold pieces
  8596 | D:7      | Found a staircase to the Ecumenical Temple.
  8817 | D:8      | Reached XP level 10. HP: 90/90 MP: 9/9
 10288 | D:8      | Reached skill level 12 in Axes
 10301 | D:8      | Reached skill level 10 in Ranged Weapons
 10777 | D:7      | Bought a scroll labelled UHARUCS HADYGG for 32 gold pieces
 11197 | D:9      | Reached skill level 13 in Axes
 11286 | D:9      | Reached XP level 11. HP: 99/99 MP: 10/10
 11300 | D:9      | Found a broken altar of Ashenzari.
 11627 | D:10     | Entered Level 10 of the Dungeon
 11627 | D:10     | Found an ancient bone altar of Kikubaaqudgha.
 11998 | D:10     | Found an ornate altar of the Wu Jian Council.
 12000 | D:10     | Found a shimmering blue altar of Sif Muna.
 12001 | D:10     | Found a hazy altar of Hepliaklqana.
 12223 | D:10     | Found a staircase to the Orcish Mines.
 12297 | D:10     | Found an opulent altar of Gozag.
 12302 | D:10     | Found a bloodstained altar of Trog.
 12309 | Orc:1    | Entered Level 1 of the Orcish Mines
 12309 | Orc:1    | Noticed Maurice
 12309 | Orc:1    | Noticed Erica
 12423 | Orc:1    | Killed Maurice
 12432 | D:10     | HP: 2/99 [orc warrior/+0 long sword of holy wrath (10)]
 12435 | D:10     | Reached skill level 10 in Fighting
 13577 | D:10     | Noticed a hell knight
 13577 | D:10     | Noticed a hell knight
 13663 | D:10     | Noticed a hell knight
 13673 | D:10     | Killed a hell knight
 13690 | D:10     | Noticed a hell knight
 13829 | D:10     | Noticed a hell knight
 13855 | D:10     | Killed a hell knight
 13995 | D:10     | Killed a hell knight
 13996 | D:10     | Reached skill level 5 in Evocations
 13999 | D:10     | Reached skill level 14 in Axes
 14005 | D:10     | Killed from afar by a hell knight

Illustrated notes

Levels and vault maps discovered:
D:1:      heliophobic_arrival_battle_scene, layout_basic, basic_ecumenical_altar
D:2:      layout_basic, serial_shops, shop
D:3:      layout_basic, mainiacjoe_overflow_boulevard
D:4:      layout_rooms, mainiacjoe_overflow_24_doors, kennysheep_slug_shrine,
          lemuel_tele_altar, corexii_shack, uniq_edmund, uniq_duvessa,
          uniq_pargi, uniq_eustachio
D:5:      layout_cave_pools, gup_sewer_entry_pipe, nicolae_shop_self_help
D:6:      old_forge, layout_cave_pools, good_gods_mini_temple
D:7:      layout_basic, temple_doors_ab, minmay_shop_grid_forest,
          dreamdust_gnoll_shepherd
D:8:      layout_loops_ring, mainiacjoe_overflow_paths, uniq_maggie
D:9:      layout_long_grid, ashenzari_conservatory_becter,
          minmay_misc_feat_plants, onia_ninara_cookie
D:10:     layout_long_grid, mainiacjoe_overflow_small_starburst,
          mainiacjoe_overflow_big_doors,
          chequers_temple_overflow_statue_of_worship, minmay_rotating_lava
Orc:1:    layout_caves, serial_shops, uniq_maurice, uniq_erica

Skill      XL: |  1  2  3  4  5  6  7  8  9 10 11 |
---------------+----------------------------------+-----
Axes           | 4 5 6 7 8 10 11 13 14 | 14.0
Fighting       | 4 5 6 7 8 9 10 | 10.3
Ranged Weapons | 1 3 4 5 7 9 10 11 | 11.9
Evocations     | 2 4 5 |  5.0
Armour         | |  2.4
Dodging        | |  2.1

Action                   |  1- 3 |  4- 6 |  7- 9 | 10-12 || total
-------------------------+-------+-------+-------+-------++-------
Melee: Hand axe          |    90 |    52 |       |       ||   142
       Headbutt          |    13 |     9 |    19 |    20 ||    61
       Punch             |       |     1 |     1 |     2 ||     4
       War axe           |       |     8 |       |   106 ||   114
       Flail             |       |     6 |   115 |    50 ||   171
 Fire: Arbalest          |       |     4 |   176 |   147 ||   327
Throw: Dart              |       |     5 |       |       ||     5
Invok: Berserk           |       |     3 |    10 |    10 ||    23
       Trog's Hand       |       |       |       |    10 ||    10
Evoke: Wand              |       |       |       |     2 ||     2
  Use: Scroll            |       |     1 |    11 |    10 ||    22
       Potion            |       |       |       |     3 ||     3
Armor: Animal skin       |    19 |       |       |       ||    19
       Ring mail         |       |    25 |       |       ||    25
       Leather armour    |       |     1 |    53 |       ||    54
       Swamp dragon scal |       |       |    44 |       ||    44
       Plate armour      |       |       |       |   107 ||   107
Dodge: Dodged            |    69 |    41 |   121 |    85 ||   316
